 Dungeon Crawl Stone Soup version 0.28-a0-1038-g9c4cb8273d (webtiles) character file.

Game seed: 10648688389302971737

50 miscthings the Slasher (level 3, -1/29 HPs)
             Began as a Barachi Monk on Dec 8, 2021.
             Slain by a bullfrog zombie (3 damage)
             ... on level 3 of the Dungeon.
             The game lasted 00:02:01 (1583 turns).

miscthings the Slasher (Barachi Monk)               Turns: 1583, Time: 00:02:02

Health: -1/29      AC:  2    Str: 14    XL:     3   Next: 79%
Magic:  3/3        EV: 13    Int: 10    God:
Gold:   85         SH:  0    Dex: 14    Spells: 2/2 levels left

rFire   . . .      SeeInvis .   a - +0 falchion
rCold   . . .      Faith    .   (no shield)
rNeg    . . .      Spirit   .   b - +0 robe
rPois   .          Reflect  .   (no helmet)
rElec   .          Harm     .   (no cloak)
rCorr   .          Rampage  .   (no gloves)
Will    .....                   (no boots)
Stlth   ++........              (no amulet)
HPRegen 0.09/turn               (no ring)
MPRegen 0.08/turn               (no ring)

@: unable to hop, slow
A: amphibious, slowness 1, strong legs 1, +LOS
a: Hop


You were on level 3 of the Dungeon.
You visited 1 branch of the dungeon, and saw 3 of its levels.

You collected 85 gold pieces.

Inventory:

Hand Weapons
 a - a +0 falchion (weapon)
Armour
 b - a +0 robe (worn)
Scrolls
 c - a scroll of summoning {unknown}
 e - 2 scrolls of teleportation {unknown}
 f - a scroll of identify {unknown}
 g - a scroll of noise {unknown}
 l - a scroll of vulnerability {unknown}
Potions
 d - a potion of curing {unknown}
 h - a potion of lignification {unknown}
 i - 2 potions of mutation {unknown}
 j - a potion of flight {unknown}
 k - a potion of magic {unknown}


   Skills:
 - Level 3.6 Fighting
 + Level 5.6 Long Blades
 - Level 3.2 Dodging
 - Level 1.7 Stealth


You had 2 spell levels left.
You didn't know any spells.
Your spell library contained the following spells:

 Spells                   Type           Power      Damage    Failure   Level
 Static Discharge         Conj/Air       0%         N/A       50%         2
 Dispel Undead            Necr           0%         3d6       98%         4
 Sticky Flame             Conj/Fire      0%         2d3       98%         4


Dungeon Overview and Level Annotations

Branches:
Dungeon (3/15)

Altars:
Ashenzari


Innate Abilities, Weirdness & Mutations

You are amphibious.
You cover ground slowly.
You can hop short distances.
You have an extended range of vision and can be seen from far away.


Message History

The bullfrog zombie is heavily damaged.
The bullfrog zombie hits you. The goblin hits you with a +0 dagger.
The bullfrog zombie barely misses you.
You hit the bullfrog zombie but do no damage.
The bullfrog zombie is heavily damaged.
The bullfrog zombie hits you. The goblin hits you with a +0 dagger.
You are too injured to fight recklessly!
You hit the bullfrog zombie.
The bullfrog zombie is heavily damaged.
The bullfrog zombie hits you.
* * * LOW HITPOINT WARNING * * *
The goblin closely misses you.
Hop to where?
Press: ? - help, Dir - move target
Found 18 gold pieces.
Boing!
You now have 85 gold pieces (gained 18).
There are no items here.
You hit the goblin.
You kill the goblin!
You hit the bullfrog zombie.
The bullfrog zombie is severely damaged.
The bullfrog zombie barely misses you.
You hit the bullfrog zombie.
The bullfrog zombie is almost destroyed.
The bullfrog zombie hits you.
* * * LOW HITPOINT WARNING * * *
The bullfrog zombie hits you.
* * * LOW HITPOINT WARNING * * *
You barely miss the bullfrog zombie.
The bullfrog zombie is almost destroyed.
The bullfrog zombie hits you.
* * * LOW HITPOINT WARNING * * *
You barely miss the bullfrog zombie.
The bullfrog zombie is almost destroyed.
The bullfrog zombie hits you.
* * * LOW HITPOINT WARNING * * *
You hit the bullfrog zombie.
The bullfrog zombie is almost destroyed.
The bullfrog zombie hits you.
You die...

..#......... ..........#
## ##........# #.#
..........# ###..
..#.......# #...
#.........## ###..#
#..........###....#
##.............#.>#
#...#.....#####@##
#........[#####Z#
##.....†...Z....# .
#.)........g..### ##.#
#..............## #..#
#.......?##.....#######.#
....#.#######......##....#
...... ##...........##
.....# #............#


You could see a bullfrog zombie.

Vanquished Creatures
  2 adders (D:2)
  A worm (D:2)
  2 ball pythons (D:2)
  3 endoplasms (D:1)
  2 giant cockroaches
  2 goblins
  2 hobgoblins (D:2)
  2 kobolds
  A quokka (D:1)
  A bat (D:1)
  5 frilled lizards
  7 rats
30 creatures vanquished.

Notes
Turn   | Place    | Note
-------+----------+-------------------------------------------
     0 | D:1      | miscthings the Barachi Monk began the quest for the Orb.
     0 | D:1      | Reached XP level 1. HP: 18/18 MP: 1/1
    58 | D:1      | Reached skill level 4 in Long Blades
   288 | D:1      | Reached XP level 2. HP: 24/24 MP: 2/2
  1107 | D:2      | Reached skill level 5 in Long Blades
  1107 | D:2      | Reached XP level 3. HP: 23/29 MP: 3/3
  1385 | D:2      | Found a broken altar of Ashenzari.
  1583 | D:3      | Slain by a bullfrog zombie

Illustrated notes

Levels and vault maps discovered:
D:1:      co_arrival_square_in_a_square_in_a_square, layout_loops_cross,
          corexii_corridor_pit
D:2:      layout_rooms, basic_altar
D:3:      layout_rooms, gammafunk_temple_overflow_pools

Skill      XL: |  1  2 |
---------------+-------+-----
Long Blades    | 4 5 |  5.6
Fighting       | |  3.6
Dodging        | |  3.2
Stealth        | |  1.7

Action                   || total
-------------------------++-------
Melee: Falchion          ||   112
 Abil: Hop               ||     1
 Stab: Sleeping          ||     8
Armor: Robe              ||    11
Dodge: Dodged            ||    90

Table legend: (Time is in decaauts)
 A = Elapsed time spent in this place.
 B = Non-inter-level travel time spent in this place.
 C = Inter-level travel time spent in this place.
 D = Time resting spent in this place.
 E = Time spent auto-exploring this place.
 F = Levels seen in this place.
 G = Mean time per level.
                   A        B        C        D        E       F      G
               +--------+--------+--------+--------+--------+-----+--------+
         Total |   1763 |   1712 |     51 |    572 |    808 |   3 |  587.7 |
       Dungeon |   1763 |   1712 |     51 |    572 |    808 |   3 |  587.7 |
               +--------+--------+--------+--------+--------+-----+--------+

Top non-repeatable levels by time:
     D:1: 1090 daAuts
     D:2: 557 daAuts
     D:3: 115 daAuts
